 Dungeon Crawl Stone Soup version 0.26-a0-812-g31a745ddcd (webtiles) character file.

Game seed: 18246902506695948696

28959 muata the Slicer (level 13, -2/178 HPs)
             Began as a Minotaur Berserker on Nov 13, 2020.
             Was an Elder of Trog.
             Slain by an orc warrior
             ... wielding a +0 glaive
              (16 damage)
             ... on level 2 of the Orcish Mines.
             The game lasted 01:04:10 (17333 turns).

muata the Slicer (Minotaur Berserker)              Turns: 17333, Time: 01:04:11

Health: -2/178     AC: -10   Str: 36    XL:     13   Next: 12%
Magic:  21/21      EV:  9    Int:  1    God:    Trog [****..]
Gold:   1164       SH:  0    Dex: 12    Spells: 12/12 levels left

rFire    . . .     SeeInvis .   M - +4 falchion of Abomination {vamp, MP+9 Str+9 Int-4}
rCold    . . .     Faith    .   (no shield)
rNeg     + . .     Spirit   .   E - +0 plate armour {rN+}
rPois    +         Reflect  .   (helmet restricted)
rElec    .         Harm     .   v - +2 cloak
rCorr    .         Rampage  .   x - +1 pair of gloves {Str+3}
MR       ++...                  (no boots)
Stlth    ..........             A - amulet of the acrobat
HPRegen  1.39/turn              e - ring of poison resistance
MPRegen  0.17/turn              (no ring)

@: berserking (expiring), corroded, regenerating, lightly drained, very quick
A: retaliatory headbutt, horns 2
a: Berserk, Trog's Hand, Brothers in Arms, Renounce Religion


You were on level 2 of the Orcish Mines.
You worshipped Trog.
Trog was greatly pleased with you.
You visited 2 branches of the dungeon, and saw 16 of its levels.

You collected 1272 gold pieces.
You spent 108 gold pieces at shops.

Inventory:

Hand Weapons
 a - a +0 hand axe
 B - a +5 battleaxe
 L - the +3 rapier "Memyos" {vorpal, MR+ Str+3 Dex+3}
   (You found it on level 8 of the Dungeon)

   It inflicts extra damage upon your enemies.
   It affects your strength (+3).
   It affects your dexterity (+3).
   It affects your resistance to hostile enchantments.
 M - the +4 falchion of Abomination (weapon) {vamp, MP+9 Str+9 Int-4}
   (You found it on level 8 of the Dungeon)

   It inflicts no extra harm, but heals its wielder when it wounds a living foe.
   It affects your strength (+9).
   It affects your intelligence (-4).
   It affects your magic capacity (+9).
Missiles
 d - 29 boomerangs
 l - 36 poisoned darts (quivered)
 s - 12 javelins
 G - 2 throwing nets
 Y - 6 curare-tipped darts
Armour
 v - a +2 cloak (worn)
 x - a +1 pair of gloves of strength (worn)
 E - a +0 plate armour of positive energy (worn)
Jewellery
 e - a ring of poison resistance (left hand)
 A - an amulet of the acrobat (around neck)
 O - an uncursed ring of flight
 R - an uncursed amulet of faith
Scrolls
 c - 4 scrolls of fear
 i - 4 scrolls of teleportation
 m - a scroll of magic mapping
 n - 5 scrolls of remove curse
 q - a scroll of noise {unknown}
 r - 2 scrolls of random uselessness
 u - 2 scrolls of brand weapon
 w - a scroll of acquirement
 C - a scroll of holy word
 F - a scroll of silence
 N - a scroll of enchant armour {unknown}
 P - a scroll of fog {unknown}
 T - a scroll of vulnerability {unknown}
 X - 2 scrolls of identify
Potions
 b - 2 potions of heal wounds
 f - 5 potions of curing
 g - a potion of invisibility {unknown}
 h - 3 potions of flight
 k - 2 potions of lignification
 o - a potion of berserk rage {unknown}
 p - 8 potions of attraction
 t - a potion of haste
 z - a potion of degeneration {unknown}
 Q - a potion of brilliance {unknown}
Miscellaneous
 U - a box of beasts


   Skills:
 + Level 12.8(12.6) Fighting
 - Level 14.0(14.4) Short Blades
 + Level 7.9(12.3) Long Blades
 - Level 10.4(10.2) Axes
 + Level 12.6(12.4) Armour
 - Level 2.1(2.0) Dodging


You had 12 spell levels left.
You didn't know any spells.
Your spell library was empty.

Dungeon Overview and Level Annotations

Branches:
Dungeon (14/15)            Temple (0/1) D:4            Lair (0/6) D:11
    Orc (2/2) D:9
    Elf: Orc:2       Vaults: D:13-14

Altars:
Cheibriados
Elyvilon
Fedhas
Ru
Trog
Wu Jian
Xom
Zin

Shops:
D:8 *   Orc:1 [


Innate Abilities, Weirdness & Mutations

You reflexively headbutt those who attack you in melee.
You have a pair of horns on your head.


Message History

The orc hits you with a +0 hand axe.
* * * LOW HITPOINT WARNING * * *
You are too berserk!
Your plate armour prevents you from hitting the orc.
Your headbutt misses the orc.
The orc warrior hits you from afar with a +0 glaive!!
* * * LOW HITPOINT WARNING * * *
You hit the orc but do no damage. The orc hits you but does no damage.
You closely miss the orc. The orc warrior misses you.
The orc completely misses you.
You riposte.
You slice the orc!!
You feel better.
You kill the orc!
Trog accepts your kill.
You closely miss the orc warrior.
You headbutt the orc warrior, but do no damage.
The orc warrior is severely wounded.
You closely miss the orc warrior.
The orc warrior is severely wounded.
The orc warrior hits you with a +0 glaive!
You die...

.. ....... ...
####.........$.........
#....<.................
##...... ........... ..
.#....... ##........# #
........###........##
## #.....o.##.........#
#.
#...)@§.#...$....#####
#...).............##..
##...§................
#....)......#........
##.#......)###..#....
###......## ####....
#.....## #.... ##...##
#...# ##.## #####


You could see an orc warrior.

Vanquished Creatures
  A stone giant (Orc:1)
  A rakshasa (D:14)
  Harold (D:7)
  A boulder beetle (D:13)
  A centaur warrior (D:13)
  2 tengu warriors (D:11)
  Urug (D:12)
  5 skeletal warriors
  An orc sorcerer (Orc:2)
  An orc knight (Orc:1)
  4 ugly things
  3 cyclopes
  A gargoyle (D:11)
  4 kobold demonologists
  2 komodo dragons
  A polar bear (shapeshifter) (D:13)
  3 trolls
  A hornet (D:9)
  A meliai zombie (D:12)
  5 slime creatures (D:14)
  Sigmund (D:4)
  A shadow (D:13)
  A vampire (D:14)
  A water elemental (D:12)
  Eustachio (D:4)
  15 yaks
  2 wraiths
  A steam dragon (D:13)
  A soldier ant (D:11)
  Edmund (D:4)
  13 orc warriors
  A sky beast (D:13)
  4 phantoms
  3 ice beasts
  4 necrophages
  6 ogres
  An eye of draining (D:13)
  9 centaurs
  3 big kobolds
  13 bullfrogs
  A wyvern zombie (D:10)
  4 scorpions
  3 killer bees (D:8)
  5 wights
  9 howler monkeys
  10 electric eels
  A quasit (D:11)
  2 centaur zombies
  3 jellies
  4 hounds
  4 bullfrog skeletons
  11 orc priests
  Crazy Yiuf (D:2)
  14 orc wizards
  4 centaur skeletons
  A gnoll shaman (D:8)
  Natasha (D:4)
  3 iguanas
  12 worker ants
  A hound zombie (D:9)
  A hound skeleton (D:7)
  2 worker ant zombies
  Robin (D:3)
  9 gnolls
  11 adders
  A shadow imp (D:8)
  5 white imps
  3 ufetubi
  An ooze (D:1)
  5 worms
  3 dart slugs
  5 leopard geckos
  65 orcs
  6 giant cockroaches
  15 goblins
  10 hobgoblins
  8 jackals
  8 quokkas
  A ball python (D:6)
  5 bats
  5 frilled lizards
  A jackal zombie (D:5)
  13 kobolds
  13 rats
413 creatures vanquished.

Vanquished Creatures (collateral kills)
  A boulder beetle (D:12)
  A catoblepas (D:13)
  A yak (D:11)
  4 orc warriors
  A centaur (D:13)
  A bullfrog (D:10)
  3 wights (D:13)
  A quasit (D:11)
  2 orc priests
  An orc wizard (D:7)
  5 orcs
  2 kobolds (D:14)
23 creatures vanquished.

Vanquished Creatures (others)
  An adder (D:12)
  9 plants
10 creatures vanquished.

Grand Total: 446 creatures vanquished

Notes
Turn   | Place    | Note
-------+----------+-------------------------------------------
     0 | D:1      | muata the Minotaur Berserker began the quest for the Orb.
     0 | D:1      | Reached XP level 1. HP: 19/19 MP: 0/0
   188 | D:1      | Reached XP level 2. HP: 19/27 MP: 1/1
  1049 | D:1      | Reached XP level 3. HP: 33/33 MP: 2/2
  1110 | D:1      | Reached ** piety under Trog
  1482 | D:2      | Reached XP level 4. HP: 41/41 MP: 3/3
  1585 | D:2      | Found an ornate altar of the Wu Jian Council.
  1886 | D:2      | Found a runed translucent door.
  1887 | D:2      | Noticed Crazy Yiuf
  2256 | D:2      | Killed Crazy Yiuf
  2256 | D:2      | Reached skill level 5 in Axes
  2256 | D:2      | Reached XP level 5. HP: 47/47 MP: 4/4
  2321 | D:3      | Reached skill level 5 in Fighting
  2589 | D:3      | Noticed Robin
  2617 | D:3      | Reached *** piety under Trog
  2624 | D:3      | Killed Robin
  2677 | D:3      | Reached XP level 6. HP: 35/56 MP: 5/5
  2967 | D:4      | Noticed Edmund
  2974 | D:4      | Killed Edmund
  2974 | D:4      | Reached skill level 5 in Armour
  3434 | D:4      | Noticed Eustachio
  3448 | D:4      | Killed Eustachio
  3448 | D:4      | Reached XP level 7. HP: 64/64 MP: 6/6
  3469 | D:4      | Found a bloodstained altar of Trog.
  3469 | D:4      | Found a white marble altar of Elyvilon.
  3471 | D:4      | Found a glowing silver altar of Zin.
  3471 | D:4      | Found a blossoming altar of Fedhas.
  3581 | D:4      | Noticed Sigmund
  3590 | D:4      | Killed Sigmund
  3719 | D:4      | Found a staircase to the Ecumenical Temple.
  4019 | D:4      | Noticed Natasha
  4025 | D:4      | Killed Natasha
  4105 | D:5      | Entered Level 5 of the Dungeon
  4266 | D:5      | Reached XP level 8. HP: 58/73 MP: 7/7
  5576 | D:6      | Reached **** piety under Trog
  6135 | D:7      | Reached XP level 9. HP: 82/82 MP: 8/8
  6416 | D:7      | Noticed Harold
  6432 | D:7      | Killed Harold
  7046 | D:8      | Reached skill level 10 in Axes
  7048 | D:8      | Reached skill level 10 in Fighting
  7148 | D:8      | Reached skill level 10 in Armour
  7168 | D:8      | Got an ichor-stained rapier
  7169 | D:8      | Identified the cursed +3 rapier "Memyos" {vorpal, MR+ Str+3
                  | Dex+3} (You found it on level 8 of the Dungeon)
  7182 | D:8      | Reached skill level 1 in Short Blades
  7204 | D:8      | Got a shimmering falchion
  7205 | D:8      | Lost intelligence.
  7205 | D:8      | Identified the +4 falchion of Abomination {vamp, MP+9 Str+9
                  | Int-4} (You found it on level 8 of the Dungeon)
  7239 | D:8      | Reached skill level 1 in Long Blades
  7245 | D:8      | Found Uplunk's General Store.
  7260 | D:8      | Reached XP level 10. HP: 61/93 MP: 9/9
  7365 | D:8      | Bought a potion of heal wounds for 60 gold pieces
  7365 | D:8      | Bought a scroll of identify for 24 gold pieces
  7365 | D:8      | Bought a scroll of identify for 24 gold pieces
  8215 | D:9      | Reached skill level 2 in Short Blades
  8272 | D:9      | Reached skill level 3 in Short Blades
  8427 | D:9      | Reached skill level 4 in Short Blades
  9131 | D:9      | Found a staircase to the Orcish Mines.
  9143 | D:9      | Reached skill level 5 in Short Blades
  9287 | D:9      | Found a sacrificial altar of Ru.
  9580 | D:9      | Reached skill level 6 in Short Blades
  9660 | D:10     | Entered Level 10 of the Dungeon
 10280 | D:11     | Reached skill level 7 in Short Blades
 10292 | D:11     | Noticed a cyclops
 10309 | D:11     | Killed a cyclops
 10309 | D:11     | Reached skill level 8 in Short Blades
 10382 | D:11     | Found a shimmering altar of Xom.
 10481 | D:11     | Noticed a brown ugly thing
 10488 | D:11     | Killed a brown ugly thing
 10488 | D:11     | Reached skill level 9 in Short Blades
 10564 | D:11     | Reached XP level 11. HP: 100/100 MP: 10/10
 10578 | D:11     | Reached skill level 10 in Short Blades
 10581 | D:11     | Reached ***** piety under Trog
 10987 | D:11     | Reached skill level 11 in Short Blades
 11107 | D:11     | Found a staircase to the Lair.
 11514 | D:12     | Noticed a tengu warrior
 11517 | D:12     | Noticed a tengu warrior
 11549 | D:11     | Killed a tengu warrior
 11561 | D:11     | Killed a tengu warrior
 11561 | D:11     | Reached skill level 12 in Short Blades
 12663 | D:12     | Noticed Urug
 12680 | D:12     | Killed Urug
 13231 | D:13     | Noticed a cyan ugly thing
 13244 | D:13     | Killed a cyan ugly thing
 13364 | D:13     | Noticed a centaur warrior
 13381 | D:13     | Killed a centaur warrior
 13381 | D:13     | Reached skill level 13 in Short Blades
 13384 | D:13     | Found a snail-covered altar of Cheibriados.
 13385 | D:13     | Noticed a boulder beetle
 13402 | D:12     | Killed a boulder beetle
 13402 | D:12     | Reached XP level 12. HP: 41/108 MP: 4/11
 13623 | D:12     | Identified a scroll of acquirement
 13818 | D:13     | Noticed a catoblepas
 13828 | D:13     | Killed a catoblepas
 13945 | D:13     | Noticed a boulder beetle
 14094 | D:13     | Killed a boulder beetle
 14679 | D:13     | Reached skill level 14 in Short Blades
 15059 | D:14     | Noticed a rakshasa
 15071 | D:14     | Killed a rakshasa
 15071 | D:14     | Reached skill level 5 in Long Blades
 16214 | D:14     | Noticed a centaur warrior
 16647 | Orc:1    | Entered Level 1 of the Orcish Mines
 16647 | Orc:1    | Found Toquka's Armour Emporium.
 16657 | Orc:1    | Noticed a stone giant
 16672 | Orc:1    | Killed a stone giant
 16672 | Orc:1    | Reached XP level 13. HP: 119/119 MP: 12/12
 17129 | Orc:2    | Entered Level 2 of the Orcish Mines
 17333 | Orc:2    | Slain by an orc warrior

Illustrated notes

Levels and vault maps discovered:
D:1:      mrwooster_arrival_arrow, layout_basic
D:2:      layout_basic, nicolae_overflow_crystal_walls, uniq_crazy_yiuf_cottage
D:3:      layout_basic, uniq_robin
D:4:      layout_loops_ring, grunt_temple_overflow_cloverleaf,
          minmay_temple_entry_overgrown, serial_bayou, serial_bayou_crossing,
          serial_bayou_pond_e, serial_bayou_shore_b, serial_bayou_pond_c,
          uniq_sigmund, uniq_eustachio, uniq_edmund, uniq_natasha
D:5:      layout_basic, serial_corexii_hall, chequers_hall_statues_wall_a,
          corexii_hall_statues_s, corexii_hall_statues_l,
          corexii_hall_statues_deadend
D:6:      layout_loops_ring
D:7:      layout_loops_cross, uniq_harold
D:8:      layout_cave_pools, serial_shops, nicolae_shop_stone, st_stairs_11,
          hangedman_decor_points
D:9:      layout_small_grid, kennysheep_little_box, erik_orc_2
D:10:     layout_roguey
D:11:     layout_small_grid, david_lair_shrubbed, basic_altar
D:12:     erik_rubicon_b, layout_cave_pools, minmay_misc_feat_four_crosses,
          uniq_urug
D:13:     layout_cave_pods, basic_altar, minmay_misc_feat_enclosed,
          chequers_serial_rivers_large_b
D:14:     layout_roguey, david_vaults_4, minmay_large_rounded_square,
          kennysheep_island_fort
Orc:1:    layout_caves, serial_shops, shop
Orc:2:    st_orc_ogre_mass, layout_diamond_mine

Skill      XL: |  1  2  3  4  5  6  7  8  9 10 11 12 |
---------------+-------------------------------------+-----
Axes           | 4 5 6 7 9 10 | 10.4
Fighting       | 4 5 6 7 8 10 12 | 12.8
Armour         | 3 4 5 6 8 10 12 | 12.6
Short Blades   | 1 9 13 14 | 14.0
Long Blades    | 3 4 7 |  7.9
Dodging        | |  2.1

Action                   |  1- 3 |  4- 6 |  7- 9 | 10-12 | 13-15 || total
-------------------------+-------+-------+-------+-------+-------++-------
Melee: Hand axe          |    46 |   166 |   229 |       |       ||   441
       Headbutt          |    12 |    32 |    79 |   172 |    24 ||   319
       Battleaxe         |       |       |    44 |       |       ||    44
       Falchion          |       |       |    18 |    40 |    79 ||   137
       Rapier            |       |       |    13 |   527 |       ||   540
Throw: Boomerang         |       |       |       |     7 |       ||     7
       Dart              |       |       |       |    15 |       ||    15
Invok: Berserk           |     1 |     4 |     7 |    18 |     2 ||    32
       Trog's Hand       |     1 |     1 |     4 |     8 |     3 ||    17
       Brothers in Arms  |       |       |     2 |     9 |     1 ||    12
  Use: Scroll            |       |     3 |     6 |    22 |       ||    31
       Potion            |       |       |       |     2 |       ||     2
 Stab: Distracted        |       |       |       |     1 |       ||     1
Armor: Animal skin       |     4 |       |       |       |       ||     4
       Ring mail         |     5 |    12 |       |       |       ||    17
       Scale mail        |       |    45 |    25 |       |       ||    70
       Plate armour      |       |       |   166 |   296 |    39 ||   501
Dodge: Dodged            |    24 |    80 |   139 |   291 |    37 ||   571
       Rpst.: Falchion   |       |       |     3 |     6 |     7 ||    16

Table legend: (Time is in decaauts)
 A = Elapsed time spent in this place.
 B = Non-inter-level travel time spent in this place.
 C = Inter-level travel time spent in this place.
 D = Time resting spent in this place.
 E = Time spent auto-exploring this place.
 F = Levels seen in this place.
 G = Mean time per level.
                   A        B        C        D        E       F      G
               +--------+--------+--------+--------+--------+-----+--------+
         Total |  17692 |  16811 |    881 |   3984 |   8623 |  16 | 1105.8 |
       Dungeon |  17018 |  16154 |    864 |   3842 |   8348 |  14 | 1215.6 |
  Orcish Mines |    674 |    657 |     17 |    142 |    275 |   2 |  337.0 |
               +--------+--------+--------+--------+--------+-----+--------+

Top non-repeatable levels by time:
    D:13: 2314 daAuts
     D:9: 1695 daAuts
    D:12: 1693 daAuts
    D:11: 1636 daAuts
     D:7: 1436 daAuts
     D:1: 1344 daAuts
     D:4: 1178 daAuts
     D:6: 1063 daAuts
     D:2: 997 daAuts
     D:5: 899 daAuts
     D:8: 822 daAuts
    D:10: 793 daAuts
     D:3: 659 daAuts
   Orc:1: 486 daAuts
    D:14: 484 daAuts
